 Dungeon Crawl Stone Soup version 0.30-a0-757-ga6a79fd877 (webtiles) character file.

Game seed: 13410665895219788392

504 BigDaddyOpFi the Covered (level 6, -2/55 HPs)
             Began as an Armataur Fighter on Feb 9, 2023.
             Was an Initiate of Makhleb.
             Shot with a bolt by an orc warrior (23 damage)
             ... on level 5 of the Dungeon.
             The game lasted 00:03:56 (2781 turns).

BigDaddyOpFi the Covered (Armataur Fighter)         Turns: 2781, Time: 00:03:57

Health: -2/55      AC:  8    Str: 22 (24) XL:     6   Next: 96%
Magic:  6/6        EV:  7    Int:  6 (8)  God:    Makhleb [......]
Gold:   201        SH:  5    Dex:  7 (9)  Spells: 5/5 levels left

rFire   . . .      SeeInvis .    a - +1 war axe
rCold   . . .      Faith    .    c - +1 buckler
rNeg    . . .      Spirit   .    b - +0 scale mail
rPois   +          Reflect  .    (no helmet)
rElec   .          Harm     .    A - +0 cloak
rCorr   .          Roll     +    (no gloves)
Will    .....                    (no barding) Stlth
                                 (no amulet)
HPRegen 0.29/turn                g - ring of wizardry
MPRegen 0.10/turn                m - ring of poison resistance

@: weak-willed, flying, hasted, very quick
A: large, rugged brown scales 3, deformed body, armoured tail, roll, long
tongue, awkward tongue, mutation resistance 1
a: Renounce Religion


You were on level 5 of the Dungeon.
You worshipped Makhleb.
Makhleb was noncommittal.
You visited 1 branch of the dungeon, and saw 5 of its levels.

You collected 201 gold pieces.

Inventory:

Hand Weapons
 a - a +1 war axe (weapon)
 z - a +4 quarterstaff of chaos
Armour
 b - a +0 scale mail (worn)
 c - a +1 buckler (worn)
 A - a +0 cloak (worn)
Jewellery
 g - a ring of wizardry (left hand)
 m - a ring of poison resistance (right hand)
Wands
 x - a wand of polymorph (9)
 y - a wand of flame (13)
Scrolls
 f - a scroll of vulnerability
 h - a scroll of identify
 k - 2 scrolls of fog
 n - 2 scrolls of immolation
 q - a scroll of amnesia
Potions
 o - 2 potions of curing
 s - a potion of invisibility {unknown}
 v - 2 potions of degeneration


   Skills:
 + Level 4.2 Fighting
 + Level 3.4 Axes
 + Level 5.6 Armour
 + Level 5.1 Shields


You had 5 spell levels left.
You didn't know any spells.
Your spell library contained the following spells:

 Spells                   Type           Power      Damage    Failure   Level
 Ensorcelled Hibernation  Hex/Ice        0%         N/A       63%         2
 Gell's Gravitas          Tloc           0%         N/A       85%         3
 Spider Form              Tmut/Pois      0%         N/A       85%         3
 Teleport Other           Tloc           0%         N/A       85%         3
 Anguish                  Hex/Necr       0%         N/A       99%         4
 Dispersal                Tloc           0%         N/A       100%        6


Dungeon Overview and Level Annotations

Branches:
Dungeon (5/15)
 Temple: D:4-7

Altars:
Cheibriados
Makhleb
Ru
Vehumet
Zin

Shops:
D:4 !


Innate Abilities, Weirdness & Mutations

You are completely covered in rugged brown scales. (AC +3, +7% HP)
Armour fits poorly on your strangely shaped body.
You have a long armoured tail.
You roll when moving toward enemies. (Rampage)
Your long tongue fully drains potion bottles. (2x potion effects)
Your tongue gives you trouble enunciating. (1.5x scroll delay)
You are somewhat resistant to further mutation.


Message History

As you slowly read the scroll of magic mapping, it crumbles to dust.
You feel aware of your surroundings.
You sensed 1 altar, and 2 shops/portals.
Your surroundings suddenly seem different.
An orc warrior and 7 orcs come into view.
Found a leather armour.
Found an escape hatch in the ceiling.
The orc shouts! x5
The orc warrior unwields a +0 glaive.
The orc warrior wields a +1 arbalest of flaming.
It bursts into flame!
The orc warrior shoots a bolt.
You block the bolt.
The air fills with toxic fumes!
As you slowly read the scroll of poison, it crumbles to dust.
The orc hits you but does no damage. x2; The orc warrior shoots a bolt.
The bolt hits you! The bolt burns you.
* * * LOW HITPOINT WARNING * * *
You slurp down every last drop of the 3 potions of curing!
You feel better. You block the orc's attack.
The orc hits you but does no damage.
The orc warrior shoots a bolt.
The bolt barely misses you.
You slurp down every last drop of the 3 purple potions!
It was a potion of degeneration.
There was something very wrong with that liquid.
You feel weakened.
You feel dopey.
You feel clumsy. The orc barely misses you. You block the orc's attack.
You slurp down every last drop of the fizzy brown potion!
It was a potion of mutation.
You feel extremely strange.
You feel genetically stable. The orc barely misses you.
You block the orc's attack.
The orc warrior shoots a bolt.
The bolt hits you. The bolt burns you.
You slurp down every last drop of the cyan potion!
It was a potion of flight.
You feel very buoyant.
You fly up into the air.
You block the orc's attack. The orc hits you with a +0 dagger.
The orc warrior shoots a bolt.
The bolt hits you. The bolt burns you.
You slurp down every last drop of the bubbling pink potion!
It was a potion of haste.
You feel yourself speed up. You block the orc's attack.
The orc hits you but does no damage.
The orc warrior shoots a bolt.
The bolt hits you!!
You die...

***********###
*,,>,,,,,>,§§#
*,*********#§# *,* ##§##
********* *,* ##§§§##
*,,,,,,,, *,* ##☼§§§§##
*,,,,,,,, *,*
####§§o§§§☼####*,,,,,,,,
*,*
#§§§☼§§@o§ooo§o,,,***,,,
*,* #§o§§☼§☼§§§####*,,*
*,,, *,*
#§§o#§§☼§☼§§§☼§,,,***,,,
*,*
##§*##§§§######*,,,,,,,,
*,*****,* #####
********, *,*,,,*,* *,
*,,***,,* ** *,,* *,,* *
*,,***,** *


You could see an orc warrior and 7 orcs.

Vanquished Creatures
  Eustachio (D:4)
  Edmund (D:4)
  A hound (D:4)
  Crazy Yiuf (D:4)
  An iguana (D:4)
  8 adders
  A worm (D:3)
  4 dart slugs
  An orc (D:3)
  4 ball pythons
  4 bats
  6 endoplasms
  4 giant cockroaches
  11 goblins
  8 hobgoblins
  4 jackals
  5 quokkas
  7 frilled lizards
  6 kobolds
  4 rats
82 creatures vanquished.

Vanquished Creatures (others)
  2 fungi (D:4)
2 creatures vanquished.

Grand Total: 84 creatures vanquished

Notes
Turn   | Place    | Note
-------+----------+-------------------------------------------
     0 | D:1      | BigDaddyOpFi the Armataur Fighter began the quest for the
                  | Orb.
     0 | D:1      | Reached XP level 1. HP: 19/19 MP: 1/1
    31 | D:1      | Reached XP level 2. HP: 19/26 MP: 2/2
   146 | D:1      | Found a faded altar of an unknown god.
   221 | D:1      | Reached XP level 3. HP: 32/33 MP: 3/3
   905 | D:2      | Reached XP level 4. HP: 40/40 MP: 4/4
  1203 | D:3      | Found a sacrificial altar of Ru.
  1619 | D:3      | Found a burning altar of Makhleb.
  1650 | D:3      | Became a worshipper of Makhleb the Destroyer
  1907 | D:4      | Noticed Edmund
  1920 | D:4      | Killed Edmund
  1921 | D:4      | Reached skill level 5 in Armour
  1921 | D:4      | Reached XP level 5. HP: 11/49 MP: 5/5
  1923 | D:4      | Noticed Eustachio
  2111 | D:4      | Killed Eustachio
  2112 | D:4      | Reached XP level 6. HP: 40/55 MP: 6/6
  2255 | D:4      | Found Sealiuh's Distillery.
  2311 | D:4      | Reached skill level 5 in Shields
  2456 | D:4      | Found a glowing silver altar of Zin.
  2459 | D:4      | Found a radiant altar of Vehumet.
  2570 | D:4      | Found a snail-covered altar of Cheibriados.
  2686 | D:4      | Found a runed translucent door.
  2687 | D:4      | Noticed Crazy Yiuf
  2697 | D:4      | Killed Crazy Yiuf
  2747 | D:5      | Entered Level 5 of the Dungeon
  2775 | D:5      | Noticed an orc warrior
  2779 | D:5      | Gained mutation: You are somewhat resistant to further
                  | mutation. [potion of mutation]
  2781 | D:5      | Shot with a bolt by an orc warrior

Illustrated notes

Levels and vault maps discovered:
D:1:      ncdulo_halloftheorcs, layout_rooms, ebering_ecumenical_altar_rust,
          minmay_tetromino_o4
D:2:      layout_loops_cross
D:3:      layout_basic, mainiacjoe_overflow_brackets,
          mainiacjoe_overflow_tiny_flanked, kennysheep_cross_bottleneck
D:4:      layout_rooms, nicolae_overflow_hidden_temple, lemuel_tele_altar,
          serial_shops, shop, minmay_fractal_squares_gapless_5, uniq_eustachio,
          uniq_crazy_yiuf_cottage, uniq_edmund
D:5:      layout_loops_ring, nicolae_uskayaw_en_pointe, serial_shops, shop,
          nicolae_ossuary_entry_false_entrances, uniq_grinder,
          uniq_blork_the_orc

Skill      XL: |  1  2  3  4  5  6 |
---------------+-------------------+-----
Axes           | 2 3 |  3.4
Armour         | 4 5 |  5.6
Fighting       | 3 4 |  4.2
Shields        | 4 5 |  5.1

Action                     |  1- 3 |  4- 6 || total
---------------------------+-------+-------++-------
  Melee: War axe           |    96 |   179 ||   275
         Tailslap          |     7 |    17 ||    24
    Use: Potion            |       |    11 ||    11
         Scroll            |       |    13 ||    13
 Armour: Scale mail        |    57 |   113 ||   170
  Dodge: Dodged            |    44 |    78 ||   122
  Block: Buckler           |    33 |    57 ||    90

Table legend: (Time is in decaauts)
 A = Elapsed time spent in this place.
 B = Non-inter-level travel time spent in this place.
 C = Inter-level travel time spent in this place.
 D = Time resting spent in this place.
 E = Time spent auto-exploring this place.
 F = Levels seen in this place.
 G = Mean time per level.
                   A        B        C        D        E       F      G
               +--------+--------+--------+--------+--------+-----+--------+
         Total |   2898 |   2830 |     68 |    155 |   2029 |   5 |  579.6 |
       Dungeon |   2898 |   2830 |     68 |    155 |   2029 |   5 |  579.6 |
               +--------+--------+--------+--------+--------+-----+--------+

Top non-repeatable levels by time:
     D:3: 1003 daAuts
     D:4: 703 daAuts
     D:2: 592 daAuts
     D:1: 559 daAuts
     D:5: 40 daAuts
